 Dungeon Crawl Stone Soup version 0.20-a0-622-g01f5896 (webtiles) character file.

72 kuniqs the Skirmisher (level 4, -3/37 HPs)
             Began as a Demonspawn Berserker on Feb 9, 2017.
             Was a Follower of Trog.
             Killed from afar by Natasha (4 damage)
             ... with a magic dart
             ... on level 2 of the Dungeon.
             The game lasted 00:01:33 (1214 turns).

kuniqs the Skirmisher (Demonspawn Berserker)        Turns: 1214, Time: 00:01:34

Health: -3/37      AC:  3    Str: 18    XL:     4   Next: 6%
Magic:  0/4        EV: 13    Int:  8    God:    Trog [*.....]
Gold:   58         SH:  0    Dex: 13    Spells: 3/3 levels left

rFire    . . .     SeeInvis .   a - +0 falchion
rCold    . . .     Gourm    .   b - +0 animal skin
rNeg     . . .     Faith    .   (no shield)
rPois    .         Spirit   +   (no helmet)
rElec    .         Reflect  .   (no cloak)
rCorr    .         Harm     .   k - +0 pair of gloves (curse)
MR       .....                  (no boots)
Stlth    +.........             (no amulet)
Regen    0.2/turn               (no ring)
                                (no ring)

@: lethally poisoned (-3 -> -3), exhausted, slowed, very slow
A: magic shield
a: Berserk, Burn Spellbooks, Renounce Religion


You were on level 2 of the Dungeon.
You worshipped Trog.
Trog was aware of your devotion.
You were hungry.

You visited 1 branch of the dungeon, and saw 2 of its levels.

You collected 58 gold pieces.

Inventory:

Hand Weapons
 a - a +0 falchion (weapon)
Armour
 b - a +0 animal skin (worn)
 k - a cursed +0 pair of gloves (worn)
Scrolls
 c - 5 scrolls of identify {unknown}
 g - a scroll of amnesia {unknown}
 h - a scroll of teleportation {unknown}
 j - a scroll of enchant weapon {unknown}
Potions
 i - a potion of flight {unknown}
Comestibles
 d - 2 bread rations
 e - a meat ration
 f - 3 royal jellies


   Skills:
 + Level 3.9 Fighting
 + Level 3.3 Long Blades
 - Level 1.7 Armour
 + Level 2.5 Dodging


You had 3 spell levels left.
You didn't know any spells.

Dungeon Overview and Level Annotations

Branches:
Dungeon (2/15)

Altars:
Dithmenos
Hepliaklqana
Okawaru
Qazlal
Yredelemnul

Annotations:
D:2 Natasha


Innate Abilities, Weirdness & Mutations

When hurt, damage is shared between your health and your magic reserves.


Message History

You feel yourself slow down. The bat closely misses you.
Natasha closely misses you.
You closely miss Natasha. The bat hits you but does no damage. x2
Natasha casts a spell at you. The magic dart hits you!
The bat hits you but does no damage.
You hit Natasha.
You feel sick. The bat hits you but does no damage. Natasha claws you. x2
You closely miss Natasha. The bat misses you. The bat hits you.
Natasha closely misses you. x2; You riposte.
You closely miss Natasha. You hit Natasha.
You feel sick. The bat hits you but does no damage. The bat barely misses you.
Natasha barely misses you.
You completely miss Natasha. The bat barely misses you. Natasha claws you!
* * * LOW HITPOINT WARNING * * *
The bat closely misses you. Natasha claws you.
* * * LOW HITPOINT WARNING * * *
You hit Natasha.
You feel sick. The bat barely misses you. The bat hits you.
* * * LOW HITPOINT WARNING * * *
Natasha casts a spell at you. The magic dart hits you!
You die...

#.## ##.## .... ..
...## #.#
....#...# .
....###.#
#.......# #
........# #.#.#..
.. ....#####
#.#.#.# ... ...##
##.#.#.#..#. ..##
####...........
.## #....#.......#
..# #.##...@h>.#
#.# #.###.#b#.##
#.# #.# #.#.# #
#.# #.# #.#.#
#.########.###.#.#
#.##...........#.#
#....###.###...#.#
###..# #.# #...#.#
#..###+###.###.#


You could see Natasha and a bat.

Vanquished Creatures
  Natasha (D:2)
  A gnoll (D:1)
  An adder (D:2)
  A dart slug (D:1)
  2 leopard geckos
  2 giant cockroaches
  4 goblins
  4 hobgoblins
  2 bats (D:1)
  4 frilled lizards
  3 kobolds
  2 rats
27 creatures vanquished.

Notes
Turn   | Place    | Note
-------+----------+-------------------------------------------
     0 | D:1      | kuniqs the Demonspawn Berserker began the quest for the Orb.
     0 | D:1      | Reached XP level 1. HP: 18/18 MP: 1/1
   262 | D:1      | Gained mutation: When hurt, damage is shared between your health and your magic reserves. [demonic ancestry]
   262 | D:1      | Reached XP level 2. HP: 2/24 MP: 2/2
   942 | D:2      | Noticed Natasha
   942 | D:2      | Reached XP level 3. HP: 23/29 MP: 1/3
   945 | D:2      | Killed Natasha
  1099 | D:2      | Found a hazy altar of Hepliaklqana.
  1100 | D:2      | Found a stormy altar of Qazlal.
  1100 | D:2      | Found an iron altar of Okawaru.
  1101 | D:2      | Found a shadowy altar of Dithmenos.
  1163 | D:2      | Found a basalt altar of Yredelemnul.
  1202 | D:2      | Noticed Natasha
  1204 | D:2      | Reached XP level 4. HP: 37/37 MP: 4/4
  1214 | D:2      | HP: 1/37 [bat (1)]
  1214 | D:2      | Killed from afar by Natasha

Vault maps used:
D:1:      shiori_arrival_oz, minivault_27
D:2:      lemuel_doored_altar, chequers_temple_overflow_statue_of_worship,
          nicolae_overflow_crystal_walls, chequers_ecumenical_altar_grove,
          uniq_natasha

Skill      XL: |  1  2 |
---------------+-------+-----
Dodging        | 2 |  2.5
Long Blades    | 3 |  3.3
Fighting       | |  3.9
Armour         | |  1.7

Action                   |  1- 3 |  4- 6 || total
-------------------------+-------+-------++-------
Melee: Falchion          |    58 |     7 ||    65
Invok: Berserk           |     3 |       ||     3
 Stab: Sleeping          |     1 |       ||     1
  Eat: Chunk             |     3 |       ||     3
Armor: Animal skin       |    13 |     6 ||    19
Dodge: Dodged            |    38 |    11 ||    49
       Rpst.: Falchion   |    10 |     1 ||    11
